 Dungeon Crawl Stone Soup version 0.28-a0-662-g1651b1f1e0 (webtiles) character file.

Game seed: 11463142458345022937

690 Gwenloh the Chiller (level 7, 0/32 HPs)
             Began as a Vine Stalker Ice Elementalist on Oct 14, 2021.
             Slain by a killer bee (5 damage)
             ... on level 5 of the Dungeon on Oct 15, 2021.
             The game lasted 00:15:29 (3802 turns).

Gwenloh the Chiller (Vine Stalker Ice Elementalist) Turns: 3802, Time: 00:15:30

Health: 0/32       AC:  2    Str: 10    XL:     7   Next: 63%
Magic:  0/15       EV: 12    Int: 17    God:
Gold:   107        SH:  0    Dex: 15    Spells: 4/15 levels left

rFire   . . .      SeeInvis .   b - +2 dagger (vamp)
rCold   . . .      Faith    .   (no shield)
rNeg    . . .      Spirit   +   e - +0 robe
rPois   .          Reflect  .   (no helmet)
rElec   .          Harm     .   (no cloak)
rCorr   .          Rampage  .   (no gloves)
Will    .....                   (no boots)
Stlth   ++........              (no amulet)
HPRegen 1.10/turn               (no ring)
MPRegen 0.14/turn               (no ring)

@: lethally poisoned (0 -> 0), freezing walls
A: fangs 2, regeneration 1, magic shield, antimagic bite, no potion heal 2
a: no special abilities


You were on level 5 of the Dungeon.
You visited 1 branch of the dungeon, and saw 5 of its levels.

You collected 107 gold pieces.

Inventory:

Hand Weapons
 a - a +2 hunting sling of flaming
 b - a +2 vampiric dagger (weapon)
 g - a +0 dagger
Missiles
 d - 86 stones (quivered)
 h - 2 throwing nets
Armour
 e - a +0 robe (worn)
Wands
 l - a wand of charming (5)
 p - a wand of acid (8)
Scrolls
 f - a scroll of summoning {unknown}
 i - 3 scrolls of identify {unknown}
 k - a scroll of vulnerability {unknown}
 n - a scroll of acquirement {unknown}
 q - a scroll of enchant weapon {unknown}
Potions
 c - a potion of flight {unknown}
 j - a potion of curing {unknown}
 m - a potion of haste {unknown}
 o - a potion of resistance
 r - a potion of ambrosia {unknown}


   Skills:
 - Level 1.5 Dodging
 - Level 2.4 Stealth
 + Level 4.9 Spellcasting
 + Level 1.8 Conjurations
 * Level 7.6 Ice Magic


You had 4 spell levels left.
You knew the following spells:

 Your Spells              Type           Power      Damage    Failure   Level
a - Freeze                Ice            100%       1d11      1%          1
b - Frozen Ramparts       Ice            60%        1d8       1%          3
c - Ozocubu's Armour      Ice            30%        N/A       1%          3
d - Hailstorm             Conj/Ice       20%        3d6       21%         4

Your spell library contained the following spells:

 Spells                   Type           Power      Damage    Failure   Level
 Sublimation of Blood     Necr           2%         N/A       22%         2
 Wereblood                Tmut           4%         N/A       22%         2
 Summon Hydra             Summ           2%         N/A       100%        7


Dungeon Overview and Level Annotations

Branches:
Dungeon (5/15)
 Temple: D:4-7

Altars:

Shops:
D:3 ([(


Innate Abilities, Weirdness & Mutations

You have extremely sharp teeth.
Your natural rate of healing is unusually fast.
When hurt, damage is shared between your health and your magic reserves.
Your bite disrupts and absorbs the magic of your enemies.
Potions cannot restore your health.


Message History

b - a +2 vampiric dagger (weapon)
The killer bee barely misses you. The killer bee stings you. x2
Your movement speed is average.
Your attack delay is about 1.0.
Casting: Freeze (safe; 1% risk of failure)
Confirm with . or Enter, or press ? or * to list all spells.
Casting: Frozen Ramparts (safe; 1% risk of failure)
Press: ? - help, Dir - look around, f - activate The walls around you are covered in ice.
The wall freezes the killer bee.
The killer bee completely misses you.
The wall freezes the killer bee but does no damage.
The killer bee stings you. x2; The wall freezes the killer bee.
The killer bee stings you.
You are poisoned.
The killer bee poisons you!
The wall freezes the killer bee.
The killer bee barely misses you.
Casting: Frozen Ramparts (safe; 1% risk of failure)
Confirm with . or Enter, or press ? or * to list all spells.
Aiming: Freeze (safe; 1% risk of failure)
Press: ? - help, Shift-Dir - straight line, f - killer bee
Aim: a killer bee You freeze the killer bee!
The killer bee is severely wounded.
You feel sick. The killer bee stings you.
The wall freezes the killer bee.
The killer bee stings you.
The wall freezes the killer bee but does no damage.
The killer bee stings you. The killer bee closely misses you.
The wall freezes the killer bee.
The killer bee stings you.
* * * LOW HITPOINT WARNING * * *
The wall freezes the killer bee.
The killer bee misses you.
Casting: Freeze (safe; 1% risk of failure)
Confirm with . or Enter, or press ? or * to list all spells.
Aiming: Freeze (safe; 1% risk of failure)
Press: ? - help, Shift-Dir - straight line, f/p - killer bee
Aim: a killer bee (severely wounded)
You freeze the killer bee.
The killer bee is almost dead.
You feel sick. The killer bee barely misses you.
The wall freezes the killer bee.
The killer bee stings you.
You die...

..##.# .... .#
#.#..# #...#
..##..... .....
....#...##..... .
#(........# #.#
##....(...# ...# .
#.....=..# ....
...#.......y##..#
#..........y@...#!
##...#.....y......#
#..# ##........>###
####.####.........#
...............##+#
.#.#.#.#.....###
.## .............#
####..#
#.#.#.#.#....#
#.#...#
...(.$.......#
#.#...####


You could see 3 killer bees.

Vanquished Creatures
  Sigmund (D:3)
  A scorpion (D:5)
  A killer bee (D:5)
  2 orc priests (D:3)
  A bullfrog skeleton (D:5)
  A hound (D:4)
  An iguana (D:4)
  Ijyb (D:3)
  2 orc wizards (D:4)
  3 gnolls (D:2)
  6 adders
  An ufetubus (D:4)
  2 worms (D:2)
  3 dart slugs
  13 orcs
  13 endoplasms
  2 giant cockroaches
  4 goblins
  8 hobgoblins
  5 jackals (D:1)
  8 kobolds
  6 quokkas
  6 ball pythons
  8 bats
  7 frilled lizards
  A jackal skeleton (D:4)
  9 rats
116 creatures vanquished.

Vanquished Creatures (others)
  2 plants (D:3)
2 creatures vanquished.

Grand Total: 118 creatures vanquished

Notes
Turn   | Place    | Note
-------+----------+-------------------------------------------
     0 | D:1      | Gwenloh the Vine Stalker Ice Elementalist began the quest
                  | for the Orb.
     0 | D:1      | Reached XP level 1. HP: 9/9 MP: 4/4
   369 | D:1      | Reached XP level 2. HP: 11/13 MP: 3/6
   801 | D:1      | Reached XP level 3. HP: 16/16 MP: 7/7
   805 | D:1      | Learned a level 3 spell: Frozen Ramparts
   809 | D:1      | Learned a level 3 spell: Ozocubu's Armour
  1357 | D:2      | Reached skill level 5 in Ice Magic
  1357 | D:2      | Gained mutation: Your natural rate of healing is unusually
                  | fast. [Vine Stalker growth]
  1357 | D:2      | Reached XP level 4. HP: 21/21 MP: 5/9
  1812 | D:2      | Found a faded altar of an unknown god.
  1967 | D:3      | Reached XP level 5. HP: 24/24 MP: 9/11
  2151 | D:3      | Found Uqoawku's Armour Boutique.
  2159 | D:3      | Found Icatu's Antique Weapon Shoppe.
  2164 | D:3      | Noticed Ijyb
  2172 | D:3      | Killed Ijyb
  2195 | D:3      | Noticed Sigmund
  2215 | D:3      | Killed Sigmund
  2216 | D:3      | Reached skill level 6 in Ice Magic
  2216 | D:3      | Reached XP level 6. HP: 18/28 MP: 2/13
  2440 | D:3      | Found Guirhuyg's Weapon Boutique.
  2718 | D:3      | Learned a level 4 spell: Hailstorm
  2764 | D:4      | Reached skill level 7 in Ice Magic
  2764 | D:4      | Reached XP level 7. HP: 31/32 MP: 7/14
  2978 | D:4      | Reached skill level 1 in Conjurations
  3699 | D:5      | Entered Level 5 of the Dungeon
  3802 | D:5      | Slain by a killer bee

Illustrated notes

Levels and vault maps discovered:
D:1:      dpeg_arrival_solitude, layout_basic, st_stairs_5
D:2:      layout_rooms, hellmonk_ecumenical_altar_leap_of_faith
D:3:      layout_rooms, serial_shops, shop_fountains, shop_fountains,
          nicolae_shop_overgrown_old_shop, grunt_ministairs_12, uniq_ijyb,
          uniq_sigmund
D:4:      layout_basic
D:5:      layout_cave_pools, nicolae_ru_sacrificial_ziggurat,
          lemuel_crystal_altar, minmay_temple_entry_hall, minmay_statues_item,
          kennysheep_nondescript, serial_bayou_lagoon_a,
          minmay_misc_feat_pillars, nicolae_wooded_promenade

Skill      XL: |  1  2  3  4  5  6  7 |
---------------+----------------------+-----
Spellcasting   | 3 4 |  4.9
Ice Magic      | 5 6 7 |  7.6
Conjurations   | 1 |  1.8
Dodging        | |  1.5
Stealth        | |  2.4

Action                   |  1- 3 |  4- 6 |  7- 9 || total
-------------------------+-------+-------+-------++-------
Melee: Unarmed           |     4 |       |       ||     4
       Bite              |     7 |     3 |       ||    10
       Dagger            |    12 |     7 |     2 ||    21
 Fire: Hunting sling     |    48 |   101 |    76 ||   225
Throw: Stone             |    23 |     5 |       ||    28
 Cast: Freeze            |    25 |     9 |     6 ||    40
       Frozen Ramparts   |     2 |     6 |     4 ||    12
       Ozocubu's Armour  |       |     3 |     3 ||     6
Evoke: Wand              |       |       |     2 ||     2
Armor: Robe              |    12 |     7 |    11 ||    30
Dodge: Dodged            |    30 |    13 |    29 ||    72

Table legend: (Time is in decaauts)
 A = Elapsed time spent in this place.
 B = Non-inter-level travel time spent in this place.
 C = Inter-level travel time spent in this place.
 D = Time resting spent in this place.
 E = Time spent auto-exploring this place.
 F = Levels seen in this place.
 G = Mean time per level.
                   A        B        C        D        E       F      G
               +--------+--------+--------+--------+--------+-----+--------+
         Total |   3840 |   3716 |    124 |    304 |   2647 |   5 |  768.0 |
       Dungeon |   3840 |   3716 |    124 |    304 |   2647 |   5 |  768.0 |
               +--------+--------+--------+--------+--------+-----+--------+

Top non-repeatable levels by time:
     D:1: 1129 daAuts
     D:4: 966 daAuts
     D:3: 824 daAuts
     D:2: 817 daAuts
     D:5: 102 daAuts
